 Dungeon Crawl Stone Soup version 0.28-a0-1033-g1a2f33fa85 (webtiles) character file.

Game seed: 17748171814629431291

177 nicanaca0 the Cudgeller (level 5, -3/32 HPs)
             Began as a Gargoyle Fighter on Nov 26, 2021.
             Slain by an orc (5 damage)
             ... on level 4 of the Dungeon on Dec 7, 2021.
             The game lasted 00:05:23 (2214 turns).

nicanaca0 the Cudgeller (Gargoyle Fighter)          Turns: 2214, Time: 00:05:23

Health: -3/32      AC: 19    Str: 20    XL:     5   Next: 57%
Magic:  5/5        EV:  5    Int:  8    God:
Gold:   92         SH:  4    Dex: 10    Spells: 4/4 levels left

rFire   . . .      SeeInvis .   a - +0 flail
rCold   . . .      Faith    .   c - +0 buckler
rNeg    + . .      Spirit   .   s - +0 plate armour
rPois   ∞          Reflect  .   l - +0 helmet
rElec   +          Harm     .   (no cloak)
rCorr   .          Rampage  .   g - +2 pair of gloves
Will    .....                   (no boots)
Stlth   ..........              m - amulet of the acrobat
HPRegen 0.10/turn               (no ring)
MPRegen 0.09/turn               (no ring)

@: mighty
A: sickness immunity, AC +4, negative energy resistance 1, electricity
resistance, torment resistance 1, petrification resistance
a: no special abilities


You were on level 4 of the Dungeon.
You visited 1 branch of the dungeon, and saw 3 of its levels.

You collected 92 gold pieces.

Inventory:

Hand Weapons
 a - a +0 flail (weapon)
Missiles
 q - 16 stones (quivered)
Armour
 b - a +0 scale mail
 c - a +0 buckler (worn)
 g - a +2 pair of gloves (worn)
 l - a +0 helmet (worn)
 s - a +0 plate armour (worn)
Magical Staves
 e - a staff of earth
 f - a staff of conjuration
Jewellery
 m - an amulet of the acrobat (around neck)
 t - an amulet of faith
Scrolls
 h - 3 scrolls of enchant weapon {unknown}
 j - a scroll of teleportation {unknown}
 p - a scroll of amnesia {unknown}
 r - a scroll of summoning {unknown}
Potions
 i - a potion of magic {unknown}
 k - a potion of resistance {unknown}
 n - a potion of lignification {unknown}
 o - 2 potions of curing {unknown}


   Skills:
 - Level 3.2 Fighting
 * Level 5.6 Maces & Flails
 - Level 3.2 Armour
 - Level 3.2 Shields


You had 4 spell levels left.
You didn't know any spells.
Your spell library contained the following spells:

 Spells                   Type           Power      Damage    Failure   Level
 Petrify                  Tmut/Erth      0%         N/A       100%        4
 Irradiate                Conj/Tmut      0%         3d14      100%        5
 Sublimation of Blood     Necr           Unusable   N/A       N/A         2

Dungeon Overview and Level Annotations

Branches:
Dungeon (2/15)

Altars:


Innate Abilities, Weirdness & Mutations

You are immune to sickness and miasma.
Your stone body is resilient. (AC +4)
You are immune to poison.
You resist negative energy. (rN+)
You are resistant to electric shocks. (rElec)
You are resistant to unholy torment.
You are immune to petrification.


Message History

The orc shouts!
You hit the orc.
You kill the orc!
The hobgoblin barely misses you. The orc hits you with a +0 short sword.
The hobgoblin misses you. The orc wizard barely misses you.
The orc closely misses you.
You see here a +0 club.
You hit the orc.
The orc is moderately wounded.
The hobgoblin hits you but does no damage.
An orc wizard comes into view. It is wielding a +0 dagger.
The orc hits you with a +0 short sword. The orc hits you but does no damage.
You block the hobgoblin's attack.
The orc wizard shouts!
The orc priest completely misses you. The orc misses you.
The orc barely misses you. The hobgoblin completely misses you.
You barely miss the orc priest.
The orc wizard casts a spell.
The orc wizard flickers and vanishes!
Deactivating autopickup; reactivate with Ctrl-A.
The orc hits you but does no damage. x2
The hobgoblin hits you but does no damage.
The orc wizard gestures at you while chanting.
The puff of flame hits you! The orc completely misses you.
The orc priest casts a cantrip, but nothing happens.
The orc hits you but does no damage.
You barely miss the orc priest. The orc hits you but does no damage.
The orc priest calls down the wrath of Beogh upon you.
Beogh smites you!
* * * LOW HITPOINT WARNING * * *
You block the orc's attack. The orc hits you but does no damage.
You sock the orc priest!
The orc priest is severely wounded.
The orc hits you with a +0 flail!
* * * LOW HITPOINT WARNING * * *
The orc priest hits you but does no damage.
The orc hits you but does no damage. The orc barely misses you.
The orc hits you with a +0 flail.
You die...

#############
##.....#.....##
##.............##
#.......Z......!#
#.....ooo)...:..#
#......@og).....#
#..)...oo.......#
#...........(...#
#......!........#
#..............##
..#.....#.....##
# ########.####
.#


You could see an orc priest, an orc wizard, 4 orcs, a hobgoblin and a hound
skeleton.

Vanquished Creatures
  A phantom (D:4)
  4 adders (D:2)
  3 dart slugs
  A worm (D:2)
  2 orcs (D:4)
  5 endoplasms
  2 giant cockroaches
  7 goblins
  6 hobgoblins
  4 jackals (D:1)
  2 quokkas (D:1)
  5 ball pythons
  4 bats
  3 frilled lizards
  3 kobolds
  4 rats
56 creatures vanquished.

Notes
Turn   | Place    | Note
-------+----------+-------------------------------------------
     0 | D:1      | nicanaca0 the Gargoyle Fighter began the quest for the Orb.
     0 | D:1      | Reached XP level 1. HP: 14/14 MP: 1/1
   184 | D:1      | Found a faded altar of an unknown god.
   242 | D:1      | Reached XP level 2. HP: 15/19 MP: 2/2
   276 | D:1      | Reached skill level 3 in Maces & Flails
   713 | D:1      | Reached XP level 3. HP: 23/23 MP: 3/3
  1227 | D:1      | Upgraded the game from 0.28-a0-925-gd5e1996cdb to
                  | 0.28-a0-1033-g1a2f33fa85
  1290 | D:2      | Reached skill level 4 in Maces & Flails
  1423 | D:2      | Reached XP level 4. HP: 27/28 MP: 4/4
  2199 | D:2      | You fall into a shaft and drop 2 floors!
  2199 | D:4      | Noticed a phantom
  2204 | D:4      | Killed a phantom
  2205 | D:4      | Reached skill level 5 in Maces & Flails
  2205 | D:4      | Reached XP level 5. HP: 32/32 MP: 5/5
  2214 | D:4      | Slain by an orc

Illustrated notes

Levels and vault maps discovered:
D:1:      tarquinn_simple_flora_water_d, layout_basic,
          dreamdust_ecumenical_altar_angels_and_demons, minmay_unequal
D:2:      layout_loops_corners
D:4:      layout_rooms, minmay_temple_entry_butterflies, serial_shops,
          shop_statue

Skill      XL: |  1  2  3  4 |
---------------+-------------+-----
Maces & Flails | 3 4 5 |  5.6
Fighting       | |  3.2
Armour         | |  3.2
Shields        | |  3.2

Action                   |  1- 3 |  4- 6 || total
-------------------------+-------+-------++-------
Melee: Flail             |   163 |    55 ||   218
Throw: Stone             |    25 |    62 ||    87
  Use: Potion            |       |     1 ||     1
Armor: Scale mail        |   128 |    17 ||   145
       Plate armour      |       |    24 ||    24
Dodge: Dodged            |   105 |    29 ||   134
Block: Buckler           |    44 |    11 ||    55

Table legend: (Time is in decaauts)
 A = Elapsed time spent in this place.
 B = Non-inter-level travel time spent in this place.
 C = Inter-level travel time spent in this place.
 D = Time resting spent in this place.
 E = Time spent auto-exploring this place.
 F = Levels seen in this place.
 G = Mean time per level.
                   A        B        C        D        E       F      G
               +--------+--------+--------+--------+--------+-----+--------+
         Total |   2275 |   2253 |     22 |    229 |   1490 |   3 |  758.3 |
       Dungeon |   2275 |   2253 |     22 |    229 |   1490 |   3 |  758.3 |
               +--------+--------+--------+--------+--------+-----+--------+

Top non-repeatable levels by time:
     D:1: 1308 daAuts
     D:2: 950 daAuts
     D:4: 16 daAuts
